[Event "Azerbaijan Men Championship 2024"]
[Site "Baku"]
[Date "2024.04.15"]
[Round "5.1"]
[White "Iskandarov, Misratdin"]
[Black "Muradli, Mahammad"]
[Result "1/2-1/2"]
[ECO "B23"]
[WhiteElo "2538"]
[BlackElo "2555"]
[Annotator "TA"]
[PlyCount "80"]
[EventDate "2024.04.11"]
[EventType "swiss"]
[EventCountry "AZE"]
[SourceTitle "playchess.com"]
[Source "ChessBase"]
[SourceQuality "1"]
[TimeControl "40/5400+30:1800+30"]

1. e4 c5 2. Nc3 d6 3. f4 g6 4. Nf3 Bg7 5. Bb5+ Bd7 6. Bc4 {[%emt 0:00:08] B23: Closed Sicilian: Lines without g3.} Nc6 7. d3 e6 8. f5 gxf5 9. exf5 d5 10. Bb5 Nge7 11. Bxc6 Nxc6 12. O-O h6 13. Bf4 $146 ({Predecessor:} 13. Qe1 Qe7 14. Nb5 O-O 15. Qg3 Kh7 16. Bg5 Bf6 17. Bf4 e5 18. Rae1 exf4 19. Rxe7 Nxe7 20. Qxf4 Bxb5 {½-½ Heller,J (1984)-Tiglon,B (2489) US op 123nd Grand Rapids 2023 (3)}) 13... Qb6 14. fxe6 Bxe6 15. Qc1 O-O-O 16. Bg3 h5 17. a4 $1 Nd4 ({Better is} 17... h4 $14 18. Bxh4 Rdg8) 18. a5 $16 Qc6 {[%emt 0:01:16] [#]} (18... Nxf3+ $16 19. Rxf3 Qc6) 19. Qf4 (19. Ne5 $1 $18 Qe8 20. Nxf7) 19... Rdg8 {[%emt 0:10:22] [#]} 20. a6 (20. Rae1 $1 $14 Kd7 21. h4 (21. Ne5+ Bxe5 22. Rxe5 h4 $17)) 20... Nxf3+ $11 21. Rxf3 Bd4+ 22. Kf1 h4 $1 23. axb7+ Kxb7 24. Bf2 (24. Bxh4 $2 Rg4 25. Bg3 Rxf4 $19) (24. Qd6 $11 {should be considered.} Qxd6 (24... hxg3 $2 25. Rxa7+ Kxa7 26. Qxc6 $18) 25. Bxd6) 24... Rg4 $15 25. Qd2 Rhg8 (25... h3 $5 26. gxh3 Rg6 $15) 26. Ne2 (26. Bxd4 cxd4 27. Ne2 Rxg2 $17) 26... Bxf2 ({Reject} 26... Bxb2 $6 27. Rb1 Ka8 28. Nf4 $11 (28. Rxb2 Rxg2 29. Bxh4 d4 $11)) ({Black should try} 26... Rxg2 $15 27. Nxd4 cxd4) 27. Rxf2 $14 d4 28. Nf4 h3 29. Qa5 (29. Nxh3 $2 {too greedy.} Rxg2 30. Rxg2 Bxh3 $19) 29... a6 30. Nxe6 fxe6 31. g3 R4g5 $1 32. Qa4 Qxa4 33. Rxa4 Rf5 34. b4 Rgf8 35. Rxf5 Rxf5+ 36. Ke2 Kb6 37. bxc5+ Rxc5 38. Kd2 Rd5 39. Rb4+ Kc7 40. c3 e5 1/2-1/2

[Event "Azerbaijan Men Championship 2024"]
[Site "Baku"]
[Date "2024.04.15"]
[Round "5.2"]
[White "Guliyev, Namig"]
[Black "Samadov, Read"]
[Result "1/2-1/2"]
[ECO "B90"]
[WhiteElo "2509"]
[BlackElo "2502"]
[Annotator "TA"]
[PlyCount "106"]
[EventDate "2024.04.11"]
[EventType "swiss"]
[EventCountry "AZE"]
[SourceTitle "playchess.com"]
[Source "ChessBase"]
[SourceQuality "1"]
[TimeControl "40/5400+30:1800+30"]

1. e4 c5 2. Nf3 d6 3. d4 cxd4 4. Nxd4 Nf6 5. Nc3 a6 6. Be3 e5 7. Nb3 Be7 8. f3 Be6 9. Qd2 h5 10. Nd5 Nxd5 11. exd5 Bf5 12. Be2 a5 13. a4 Nd7 14. O-O O-O 15. f4 exf4 16. Bxf4 (16. Bxh5 $2 fxe3 17. Qxe3 Bh7 $19 (17... Bxc2 $2 18. Rxf7 Rxf7 19. Bxf7+ Kxf7 20. Qf2+ Bf6 21. Qxc2 $19)) 16... Nf6 17. Nd4 Bg6 18. Bf3 Re8 19. Rae1 Rc8 (19... Qb6 $14) 20. Kh1 $16 {[%emt 0:02:40] White is much more active.} Qb6 21. c3 Nd7 22. Nb5 Bf8 23. Qd1 Qc5 24. Rxe8 ({Much less strong is} 24. Bxh5 Bxh5 25. Qxh5 Rxe1 26. Rxe1 Nf6 $14) (24. b3 $16) 24... Rxe8 $14 25. Bxh5 Bxh5 26. Qxh5 {[%emt 0:00:15][%cal Of4d6] next Bxd6! is good for White.} Nf6 27. Qf3 Qxd5 {[%emt 0:01:17] [#]} 28. Bxd6 $1 Bxd6 (28... Qd2 29. Bxf8) 29. Qxd5 Nxd5 30. Nxd6 $11 {[%emt 0:00:10][%mdl 4096] Endgame. KRN-KRN} Re2 31. h4 (31. Nxf7 $2 {too greedy.} Ne3 (31... Rxb2 32. Nd6 $15) 32. Rb1 Kxf7 $19) 31... Rxb2 32. Rxf7 Nxc3 (32... Rb6 $5 33. Rd7 $8 Nxc3 $11) 33. Rxb7 Rxb7 34. Nxb7 Nxa4 35. Nxa5 {[%emt 0:00:09] KN-KN} Kf7 (35... Nc5 $11) 36. Kh2 $14 Nc5 37. Kg3 (37. Nc4 $14) 37... Kf6 (37... Kg6 $11) 38. Kg4 g6 39. Nc4 Ne6 40. Nd6 Nd4 41. Ne4+ Ke5 42. Nc3 Ne6 43. g3 Kf6 44. Ne4+ Ke5 45. Ng5 {[%emt 0:00:10] Threatening mate with Nxe6.} Nd8 46. Nf3+ Kf6 47. Kf4 (47. Nd2 $16) 47... Ne6+ $11 {[%emt 0:00:24] The position is equal.} 48. Ke4 g5 $1 49. h5 {[%emt 0:03:09] Strongly threatening g4.} Ng7 50. g4 {[%emt 0:01:45] Ne5 would now be deadly.} Nxh5 51. gxh5 {[%emt 0:00:10] Intending Nh2 and mate.} g4 52. Nh2 Kg5 {[%emt 0:00:03] [#]} 53. Nxg4 $1 {[%emt 0:00:04][%cal Oh5h6] White wants to mate with h6!} Kxh5 $1 {[%emt 0:00:03] Weighted Error Value: White=0.10 (very precise) /Black=0.11 (very precise) .  Mistake:       	White=3     	Black=3      Inaccurate:     	White=2     	Black=2      OK:         	White=22    	Black=14     Best:        	---       	Black=6      Strong:       	---       	Black=2} 1/2-1/2

[Event "Azerbaijan Men Championship 2024"]
[Site "Baku"]
[Date "2024.04.15"]
[Round "5.3"]
[White "Suleymanli, Aydin"]
[Black "Gadimbayli, Abdulla"]
[Result "1-0"]
[ECO "B01"]
[WhiteElo "2607"]
[BlackElo "2489"]
[Annotator "TA"]
[PlyCount "54"]
[EventDate "2024.04.11"]
[EventType "swiss"]
[EventCountry "AZE"]
[SourceTitle "playchess.com"]
[Source "ChessBase"]
[SourceQuality "1"]
[TimeControl "40/5400+30:1800+30"]

1. e4 d5 2. exd5 Qxd5 3. Nc3 Qa5 4. d4 Nf6 5. Nf3 Bf5 6. Ne5 c6 7. g4 Be6 8. Nc4 Qd8 9. Ne3 g6 10. f4 Bg7 {[%emt 0:06:14] The position is equal.} 11. Bg2 h5 (11... Qd7 $11) 12. f5 $14 Bc8 (12... gxf5 $14 13. gxf5 Bc8) 13. Qd3 $2 ({Only move:} 13. fxg6 $1 $18 fxg6 14. Qd3) 13... Nxg4 $11 14. fxg6 Qxd4 15. gxf7+ Kf8 $1 16. Qe2 Bf6 17. h4 (17. O-O $14 Qe5 18. Bf3 (18. Nxg4 Qxe2 19. Nxe2 Bxg4 $11)) 17... Be6 18. Ne4 $1 $132 {[%emt 0:02:57][%mdl 2048] White is not holding back} Nd7 19. c3 {[%emt 0:01:20] Some like it hot} Qe5 20. Nxg4 (20. Nc4 $11 Bxc4 21. Qxc4) 20... Bxg4 $17 21. Qf2 Bf5 $2 (21... Qb5 $1 $17 {stays on course. ...Ne5 is the strong threat.} 22. a4 Qd3) 22. Bf4 $16 Qe6 {[%emt 0:00:17] [#]} (22... Qd5 $14 23. Nxf6 Qe6+ 24. Ne4 Nf6) 23. O-O $1 $18 {[%emt 0:00:37] Hoping for Nxf6.} Bxe4 (23... Bg4 24. Ng5) 24. Rae1 Nc5 $2 {[%emt 0:00:46][%mdl 8192] Loses the game.} (24... Rh7 $16 {is tougher.}) 25. Qxc5 Qd5 {[%emt 0:00:04] [#]} 26. Qe3 (26. Bxe4 $2 {too greedy.} Qxc5+ 27. Kh1 Kxf7 $19 (27... Bxh4 $2 28. Rd1 $19)) 26... Bxg2 (26... Qd3 $18 27. Bxe4 Qxe3+ 28. Bxe3 (28. Rxe3 Kxf7 29. Bg5 Rhf8 $18) 28... Kxf7) 27. Bh6+ Bg7 {[%emt 0:01:06] Weighted Error Value: White=0.25 (precise) /Black=0.65.  Loses game:     	---       	Black=1      Missed win:     	White=1     	---        Mistake:       	White=2     	Black=5      Inaccurate:     	---       	Black=1      OK:         	White=3     	Black=5      Best:        	White=7     	Black=2      Strong:       	White=2     	Black=1} 1-0

[Event "Azerbaijan Men Championship 2024"]
[Site "Baku"]
[Date "2024.04.15"]
[Round "5.4"]
[White "Rasulov, Vugar"]
[Black "Manafov, Vugar"]
[Result "1/2-1/2"]
[ECO "B23"]
[WhiteElo "2551"]
[BlackElo "2424"]
[Annotator "TA"]
[PlyCount "114"]
[EventDate "2024.04.11"]
[EventType "swiss"]
[EventCountry "AZE"]
[SourceTitle "playchess.com"]
[Source "ChessBase"]
[SourceQuality "1"]
[TimeControl "40/5400+30:1800+30"]

1. e4 c5 2. Nc3 e6 3. Nge2 a6 4. g3 b5 5. Bg2 Bb7 6. O-O b4 7. Na4 Nf6 8. d3 d5 9. Bg5 {[%emt 0:02:55] White is slightly better.} dxe4 10. dxe4 Qxd1 11. Rfxd1 {[%emt 0:00:14] With the idea e5.} h6 12. Bxf6 gxf6 13. Nb6 $40 {[%emt 0:08:48][%mdl 128] Inhibits Nd7. White has some attack.} Ra7 14. c3 {[%emt 0:01:22] Strongly threatening cxb4.} Be7 15. cxb4 cxb4 16. Rac1 {[%emt 0:00:32] Black must now prevent Nc8.} O-O $1 17. Nd7 Rd8 18. Nxb8 Rxb8 19. Rd7 Bd8 20. Nf4 Raa8 (20... a5 $11) 21. Nh5 (21. Bf3 $18 {And now Bh5 would win.} e5 22. Nd5) 21... e5 22. Bf1 {[%emt 0:05:30][%cal Bg2f1,Bf1c4,Bc4d5,Bd5c6][%mdl 32] White is much more active. Black is weak on the light squares} Kf8 $2 (22... Bxe4 {keeps fighting.} 23. Rxd8+ Rxd8 24. Nxf6+ Kh8) 23. Bc4 $18 Be7 {[%emt 0:00:08] [#]} 24. Nxf6 Bc6 25. Bd5 Bxd7 26. Nxd7+ Ke8 27. Nxb8 Rxb8 {[%emt 0:00:04][%mdl 4096] Endgame. KRB-KRB} 28. Rc6 a5 (28... h5 $142 29. Rh6 (29. Rxa6 Kf8 $18) 29... h4 30. Rh8+ (30. Rxa6 hxg3 31. Kg2 gxh2 $16) (30. gxh4 Rd8 $18) 30... Bf8 31. Rxh4 (31. gxh4 Rb6 $18) 31... Bg7) 29. Rxh6 Rc8 30. Bc6+ Kd8 31. Rh8+ Kc7 32. Rxc8+ Kxc8 {[%emt 0:00:02] KB-KB} 33. Bd5 f6 34. Kg2 Kd7 35. f4 exf4 36. gxf4 f5 37. exf5 a4 38. Kg3 Kd6 39. Bc4 {[%emt 0:01:32] a3 would now be deadly.} b3 {[%emt 0:00:16] [#]} 40. Bxb3 axb3 $11 41. axb3 $16 {[%emt 0:04:12] KB-KP} Kd7 $1 42. h4 Ke8 $2 {[%emt 0:01:02][%mdl 8192] [#]} (42... Bc5 $1 $11 {and Black stays safe.}) 43. h5 $2 (43. f6 $1 $18 Bc5 (43... Bxf6 44. b4 $11) 44. Kg4) 43... Kf7 $11 {[%emt 0:01:10] The position is equal.} 44. Kf3 Kf6 45. Ke4 Bf8 46. h6 Bxh6 47. b4 Bf8 48. b5 Bc5 49. Kd5 Be3 50. Ke4 Bc5 51. b3 Bf2 52. Kd5 Kxf5 53. Kc6 Be3 54. b6 Bxf4 55. b4 Ke6 56. b5 Bg3 57. Kb7 Kd5 {[%emt 0:00:08] Weighted Error Value: White=0.41/Black=0.30.  Loses game:     	---       	Black=1      Missed win:     	White=1     	---        Mistake:       	White=2     	Black=3      Inaccurate:     	White=3     	Black=3      OK:         	White=13    	Black=25     Best:        	White=2     	Black=4      Strong:       	---       	Black=2      Brilliant:      	White=1     	---} 1/2-1/2

[Event "Azerbaijan Men Championship 2024"]
[Site "Baku"]
[Date "2024.04.15"]
[Round "5.5"]
[White "Babazada, Khazar"]
[Black "Ibrahimli, Murad"]
[Result "1-0"]
[ECO "C64"]
[WhiteElo "2474"]
[BlackElo "2396"]
[Annotator "TA"]
[PlyCount "81"]
[EventDate "2024.04.11"]
[EventType "swiss"]
[EventCountry "AZE"]
[SourceTitle "playchess.com"]
[Source "ChessBase"]
[SourceQuality "1"]
[TimeControl "40/5400+30:1800+30"]

1. e4 e5 2. Nf3 Nc6 3. Bb5 Bc5 4. O-O Nd4 5. Nxd4 Bxd4 6. c3 Bb6 7. d4 c6 8. Ba4 d6 9. Na3 Nf6 10. Bg5 h6 11. Bxf6 Qxf6 12. d5 Bd7 {[%emt 0:00:37] White has an edge.} 13. Nc4 Bc7 {[%emt 0:00:17] Threatens to win with ...b5.} 14. dxc6 bxc6 15. Qd3 O-O 16. Rad1 Rfd8 17. Rd2 (17. Nxd6 Bg4 18. f3 Rxd6 $19) 17... Be8 18. Ne3 Bb6 {[%emt 0:01:18] Black is weak on the light squares} 19. Rfd1 g6 20. g3 ({White should try} 20. Ng4 $16 Qf4 21. Qf3) 20... h5 21. h4 Kg7 22. Kg2 Rab8 23. Qe2 Qe7 24. Nc4 Bc7 25. b4 Qe6 26. Bb3 Qe7 27. Kg1 f5 28. exf5 gxf5 29. Ne3 Qf8 {[%emt 0:09:44] [#]} (29... Qf6 $14) 30. Qf3 {[%emt 0:00:21] White has more active pieces.} (30. Qc4 $1 $16) 30... f4 $11 31. gxf4 exf4 $2 {[%emt 0:01:03][%mdl 8192] [#] Black cannot hold the game after this.} (31... d5 $11) 32. Kh1 $1 $18 {[%emt 0:00:07] Black must now prevent Rg1+.} (32. Ng2 d5 $14) 32... Kh6 $2 (32... fxe3 $2 33. Rg1+ Bg6 34. Qxh5 $18) (32... Rd7 33. Be6 (33. Rg1+ Kh8 $18) 33... Rf7 (33... fxe3 $2 34. Rg1+ Bg6 35. Qxh5 $18)) 33. Rg1 Bg6 {[%emt 0:00:30] [#] Inhibits Qe4.} 34. Rxg6+ $1 Kxg6 35. Bc2+ Kg7 36. Nf5+ (36. Qxc6 fxe3 37. Qxc7+ Qf7 38. Qxf7+ Kxf7 39. fxe3 Ke7 $11) 36... Kg8 37. Qxc6 (37. Qxh5 $142 Rd7 38. Re2) 37... Bb6 38. a4 {[%emt 0:03:30] And now Qg2+ would win.} ({Not} 38. Rxd6 Rxd6 39. Bb3+ Kh7 40. Nxd6 Qe7 $14) ({Less strong is} 38. Nxd6 Qf6 $14) 38... a5 39. Re2 {[%emt 0:04:07] White mates.} ({Weaker is} 39. Nxd6 Qf6 $11) 39... Qf6 40. Qd5+ Kf8 41. Bb3 {[%emt 0:04:01] Weighted Error Value: White=0.13 (very precise) /Black=0.61.  Loses game:     	---       	Black=1      Mistake:       	White=2     	Black=2      Inaccurate:     	White=1     	Black=4      OK:         	White=9     	Black=6      Best:        	White=1     	Black=1      Strong:       	White=1     	---} 1-0

[Event "Azerbaijan Men Championship 2024"]
[Site "Baku"]
[Date "2024.04.15"]
[Round "5.6"]
[White "Suleymanli, Suleyman"]
[Black "Sadikhov, Ulvi"]
[Result "0-1"]
[ECO "D94"]
[WhiteElo "2246"]
[BlackElo "2497"]
[Annotator "TA"]
[PlyCount "94"]
[EventDate "2024.04.11"]
[EventType "swiss"]
[EventCountry "AZE"]
[SourceTitle "playchess.com"]
[Source "ChessBase"]
[SourceQuality "1"]
[TimeControl "40/5400+30:1800+30"]

1. Nf3 g6 2. d4 Bg7 3. c4 c5 4. e3 Nf6 5. Nc3 cxd4 6. exd4 O-O 7. Be2 d5 8. c5 Nc6 9. O-O Ne4 10. Be3 Bg4 11. h3 Bxf3 12. Bxf3 f5 13. Qb3 e6 14. Bxe4 fxe4 15. Qxb7 Nxd4 16. Rad1 Nf5 17. Bf4 Rf7 18. Qa6 Qc8 19. Qa3 Bf8 (19... Bd4 $1 $19 20. b4) 20. Na4 (20. Rc1 $142) 20... Qc6 $17 21. b4 a5 22. b5 (22. Nb6 $2 Raa7 23. Rc1 axb4 24. Qxb4 Rxa2) 22... Qxb5 23. Rb1 Qe8 24. Nb6 Raa7 25. Be5 (25. Qa4 $17 {was worth a try.} Qxa4 26. Nxa4) 25... Qc6 $19 26. Rfc1 Bh6 27. Rc2 d4 28. Qa4 Qxa4 29. Nxa4 {[%emt 0:00:02] [#]} d3 (29... Bg7 $1 $17 30. Bxg7 Kxg7) 30. Rc4 $2 {[%emt 0:01:29] [#]} (30. Rcb2 $11) 30... Rab7 $1 $19 31. Rxb7 Rxb7 32. c6 Rb1+ 33. Kh2 d2 34. Nc3 (34. Rxe4 $2 d1=Q (34... d1=R $2 35. g3 $19) (34... d1=R $2 35. g3 $19)) 34... Rc1 (34... d1=R 35. Nxb1 Rxb1 36. c7 $11) (34... d1=Q 35. Nxd1 Rxd1 36. c7 $11) 35. c7 (35. Rxe4 $2 Rxc3 (35... d1=B 36. c7 $16) (35... d1=R 36. Nxd1 Rxc6 37. g4 $11) (35... d1=N 36. c7 $11) 36. Bxc3 d1=Q $19 (36... d1=B $2 37. c7 $18)) 35... Ne7 36. c8=Q+ $2 (36. c8=R+ $2 Nxc8 37. Rxc8+ Kf7 38. Rc7+ Ke8 39. Rc8+ (39. Rxh7 $2 Rxc3 40. Rh8+ Bf8 $19) 39... Ke7 40. Rc7+ Kd8 41. Rxh7 Rxc3 (41... d1=R $2 42. Nxd1 Bf8 43. Nc3 $18) 42. Bxc3 Bf4+ (42... d1=B $2 43. Rxh6 e3 44. fxe3 $18) (42... d1=Q $2 43. Bxa5+ Kc8 44. Rxh6 $17) 43. g3 Bxg3+ (43... d1=B $2 44. Bxa5+ $18) (43... d1=Q $2 44. gxf4 e3 45. Bf6+ Ke8 46. fxe3 $19) 44. Kxg3 d1=Q $19 (44... d1=B $2 45. Bxa5+ Kc8 46. Re7 $18)) (36. Rd4 Bg7 (36... Rxc3 $2 37. Rd8+ Kf7 38. Bxc3 $18) 37. Rd8+ Kf7 38. Bxg7 Kxg7 39. Rd7 Rxc3 40. Rxe7+ Kf6 41. Rd7) 36... Nxc8 $19 37. Rxc8+ Kf7 38. Rd8 Ke7 39. Rh8 (39. Rxd2 $142 Bxd2 40. Nxe4) 39... Rxc3 $19 (39... d1=R $2 40. Rxh7+ Ke8 41. Nxd1 $18 (41. Rxh6 Rh1+ 42. Kg3 e3 $18)) 40. Rxh7+ Ke8 41. Bxc3 Bf4+ (41... d1=B $2 42. Rxh6 Kf7 43. Rh7+ (43. Bxa5 g5 $18) 43... Kf8 44. Bxa5 $18) 42. g3 d1=Q (42... d1=B $2 43. gxf4 a4 44. Bb4 $18 (44. Rh8+ Ke7 $18)) 43. gxf4 e3 44. Rh8+ Kd7 45. Bxa5 Qe2 (45... exf2 $2 {loses.} 46. Rd8+ Ke7 47. Rxd1 $18) 46. Rh7+ Kc8 (46... Kc6 $142 47. Be1 exf2 (47... Qxe1 $2 48. fxe3 Qxe3 49. Kh1 $19) 48. Bxf2 Qxf2+ 49. Kh1 g5 (49... Qxf4 $2 50. a4 $19) 50. fxg5 Qf1+ (50... Qxa2 $2 51. Rh4 $19) 51. Kh2 Qf4+ 52. Kg1 Qxg5+ (52... Qc1+ $2 53. Kf2 $19) 53. Kh2 Qe5+ (53... Qd2+ {gets mated.} 54. Kg1 Qd1+ 55. Kg2 Qc2+ 56. Kf3 Qxh7 57. Ke3 Qxh3+ 58. Kf4 Kd5 59. Kg5 Qf5+ 60. Kh4 Qg6 61. Kh3 Ke4 62. Kh4 Kf4 63. Kh3 Qg3#) 54. Kg1 Qc5+ 55. Kh1 Qc1+ 56. Kh2 Qc2+ 57. Kg3 Qxh7 58. Kf4 Qf5+ (58... Qxh3 59. Ke4 Kc5 60. a4 Qg3 61. a5 Kc4 62. a6 Kc3 63. a7 Kd2 64. Kd4 Qc3+ 65. Ke4 Qe3#) 59. Ke3 Kd5 (59... Qxh3+ 60. Kd4 Qg4+ 61. Ke3 Kd5 62. a3 Qg3+ 63. Kd2 Qf3 64. Ke1 Kc4 65. Kd2 Qf2+ 66. Kd1 Kc3 67. Kc1 Qg1#) 60. a3 Qxh3+ 61. Kf4 e5+ (61... Qxa3 62. Kg5 Qg3+ 63. Kf6 Qg8 64. Ke7 Qg7+ 65. Kd8 Kd6 66. Ke8 Qg8#) 62. Kg5 Ke6 (62... Qxa3 {leads to mate.} 63. Kf6 Qf3+ 64. Kg5 Ke6 65. Kh6 Kf6 66. Kh7 Qb7+ 67. Kh8 Qg7#) 63. Kg6 Qg2+ (63... Qxa3 64. Kh5 Qg3 65. Kh6 Kf6 66. Kh7 Qg7#) 64. Kh7 Kf6 65. Kh8 Qg7#) 47. Be1 exf2 0-1

[Event "Azerbaijan Men Championship 2024"]
[Site "Baku"]
[Date "2024.04.15"]
[Round "5.7"]
[White "Hamidov, Allahverdi"]
[Black "Abdulov, Orkhan"]
[Result "1-0"]
[ECO "A70"]
[WhiteElo "2091"]
[BlackElo "2401"]
[Annotator "TA"]
[PlyCount "89"]
[EventDate "2024.04.11"]
[EventType "swiss"]
[EventCountry "AZE"]
[SourceTitle "playchess.com"]
[Source "ChessBase"]
[SourceQuality "1"]
[TimeControl "40/5400+30:1800+30"]

1. d4 Nf6 2. c4 c5 3. d5 e6 4. Nc3 exd5 5. cxd5 d6 6. e4 g6 7. h3 Bg7 8. Be3 O-O 9. Nf3 Re8 10. Nd2 Na6 11. Be2 Nc7 {[%emt 0:00:27][%cal Ob7b5] White has an edge.} 12. a4 Rb8 13. Rb1 Na6 (13... a6 $11) 14. O-O $14 Nb4 15. Bf4 a6 16. Nc4 $2 (16. Re1 $14 {stays ahead.}) 16... Nxe4 $17 17. Bf3 Bxc3 (17... Nxc3 18. bxc3 Bxc3 19. Nxd6 $14) 18. bxc3 Nxc3 {[%emt 0:00:34] Excellent horsemanship.} 19. Qd2 Ne4 ({Better is} 19... Nxb1 $17 20. Rxb1 Bf5) 20. Bxe4 $11 Rxe4 21. Rxb4 (21. Bxd6 Rd4 22. Qh6 Rh4 $15) 21... cxb4 (21... b5 $11) 22. Nxd6 $16 Re7 23. Qxb4 {[%emt 0:04:58] Strongly threatening Bg5. White is much more active.} Bd7 {[%emt 0:03:14] [#]} (23... a5 $16 24. Qc3 Re2 25. Nxf7 Kxf7) 24. Ne4 ({Not} 24. Nxb7 Rxb7 25. Qxb7 Bb5 $11 (25... Bxa4 $2 {loses.} 26. Qb4 $18) (25... Bxa4 $2 26. Qb4 $18)) (24. Bg5 $1 $18 {[%cal Ob4h4] And now Qh4! would win.} Qf8 25. Bxe7 (25. Ne4 Rxe4 26. Qxe4 f6 $16) 25... Qxe7 26. Re1) 24... Rxe4 25. Qxe4 Qh4 $2 {[%emt 0:01:36][%mdl 8192] Black is weak on the dark squares} (25... Rc8 $16 {is tougher.}) 26. g3 $18 Qd8 27. Bxb8 Qxb8 {[%emt 0:00:03][%mdl 4096] Endgame. KQR-KQB} 28. Qe7 {[%emt 0:02:25] Against Qd6} Qc8 29. a5 Bxh3 (29... Bb5 {keeps fighting.} 30. Rd1 Qxh3 31. Qxb7 Qg4 32. Qb8+ Kg7 33. Qe5+ Kg8) 30. Rb1 Qf5 31. Qxb7 (31. Rxb7 Qxd5 32. Rb8+ Kg7 33. Qf8+ Kf6 34. Qd8+ Qxd8 35. Rxd8 Ke7) 31... Bg4 32. d6 {[%emt 0:00:20] [#] Rb4 would now be deadly.} Qd3 33. Qb6 {[%emt 0:02:46] Black must now prevent Re1.} Bf5 (33... Bd7 $142 34. Qb8+ Kg7 35. Qb2+ Kg8) 34. Re1 Qd2 35. Re8+ Kg7 36. Qd8 {[%emt 0:00:27] Threatening mate with Rg8+.} h5 37. Qe7 (37. Rg8+ $142 Kh7 38. Rh8+ Kg7 39. Qf8+ Kf6 40. Qe7+ Kg7 41. Qe5+ (41. Qf8+ Kf6 42. Qe7+ Kg7 43. Qe5+ f6 44. Qe8 Qe1+ 45. Qxe1 Kxh8 46. Qe8+ Kg7) 41... f6 42. Qe8) 37... Qd1+ 38. Kh2 Qc2 39. Qf8+ Kf6 40. Qe7+ Kg7 41. Qe5+ {[%emt 0:00:30] White mates.} Kh6 42. Rh8+ Kg5 43. Qe3+ Kf6 44. Qd4+ Kg5 45. Qh4# {[%emt 0:32:29] Weighted Error Value: White=0.47/Black=0.74.  Loses game:     	---       	Black=1      Mistake:       	White=2     	Black=6      OK:         	White=10    	Black=9      Best:        	White=4     	Black=2} 1-0

[Event "Azerbaijan Men Championship 2024"]
[Site "Baku"]
[Date "2024.04.15"]
[Round "5.8"]
[White "Talibov, Shiroghlan"]
[Black "Rustamov, Rustam"]
[Result "1-0"]
[ECO "B65"]
[WhiteElo "2373"]
[BlackElo "2261"]
[Annotator "RC"]
[PlyCount "153"]
[EventDate "2024.04.11"]
[EventType "swiss"]
[EventCountry "AZE"]
[SourceTitle "playchess.com"]
[Source "ChessBase"]
[SourceQuality "1"]
[TimeControl "40/5400+30:1800+30"]

1. e4 c5 2. Nf3 d6 3. d4 cxd4 4. Nxd4 Nf6 5. Nc3 Nc6 6. Bg5 e6 7. Qd2 Be7 8. O-O-O O-O 9. f4 Nxd4 10. Qxd4 Qa5 11. Qd3 a6 12. Kb1 Bd7 13. Be2 Bc6 14. Qg3 Rfe8 15. Bf3 d5 16. e5 Ne4 17. Bxe4 dxe4 18. Bxe7 Rxe7 19. Rd4 Rd8 20. Rhd1 Rxd4 21. Rxd4 Qb6 22. Qe3 h6 23. Qd2 e3 24. Qd3 g6 25. g3 Kg7 26. h4 Bb5 27. Qxe3 Rd7 28. Rd3 Qd8 29. Rxd7 Qxd7 30. b3 Bc6 31. Kc1 Qc7 32. Qc5 Qd8 33. a4 g5 34. hxg5 hxg5 35. Qe3 gxf4 36. gxf4 Qh4 37. Ne2 Qe1+ 38. Kb2 Kf8 39. Qc5+ Ke8 40. Nc1 Be4 41. Qc8+ Ke7 42. Qc3 Qh1 43. Ne2 Qg2 44. Qe3 Bf3 45. Nd4 Be4 46. Qe2 Qh1 47. Qd2 Ke8 48. b4 Bd5 49. Qe3 Qf1 50. a5 Kf8 51. f5 exf5 52. Qh6+ Ke8 53. Qh8+ Kd7 54. Qf6 Be6 55. Nxe6 fxe6 56. Qf7+ Kd8 57. Qf8+ Kd7 58. Qd6+ Kc8 59. Qxe6+ Kd8 60. Qf6+ Kc8 61. Qf8+ Kd7 62. Qf7+ Kc8 63. Qe8+ Kc7 64. Qe7+ Kc8 65. Qd6 Qf4 66. c3 Qf2+ 67. Kb3 Qf1 68. Qd5 Qb1+ 69. Kc4 Qf1+ 70. Kc5 f4 71. Kd6 Kb8 72. e6 Qg1 73. e7 Qg6+ 74. Kd7 Qg4+ 75. Qe6 Qg7 76. Kd8 Qg5 77. Qc8+ 1-0